AoeStats
← Erickinio

Arena

509021486Analyzed
3v3 RM · 7d ago on Sep 25, 2026· 81m 21s· 6 players
Game mode
Random Map
Map size
Normal (6 player)
Population
200
Speed
Normal
Resources
Standard
Victory
Conquest
Starting age
Dark Age
Ending age
Imperial Age
RankedLock teamsTeams togetherTeam positionsShared explorationLock speedFull tech treeHidden civsTurbo modeCheats
Victory
Defeat
🇦🇷 Celts · Argentina
893
+18
🇦🇷 Bohemians · Argentina
881
+18
🇺🇸 Franks · United States
831
+20
🇦🇷 Gurjaras · Argentina
969
-21
🇦🇷 Teutons · Argentina
921
-18
🇦🇷 Portuguese · Argentina
896
-17
MR WOODY
11:33 Feudal Age
13:00 Double-Bit Axe
13:39 Gold Mining
14:02 Stone Mining
24:01 Castle Age
22:52 Man-at-Arms
23:19 Arson
23:55 Forging
23:46 Scale Mail Armor
23:55 Scale Barding Armor
25:43 Husbandry
26:35 Iron Casting
26:16 Chain Mail Armor
26:22 Chain Barding Armor
26:36 Long Swordsman
27:03 Gambesons
27:19 Squires
28:00 Bow Saw
28:43 Gold Shaft Mining
31:46 Wheelbarrow
35:09 Imperial Age
34:56 Hand Cart
35:13 Cavalier
35:18 Two-Handed Swordsman
37:10 Blast Furnace
36:59 Conscription
36:42 Chivalry
38:36 Plate Barding Armor
41:02 Champion
48:38 Caravan
52:45 Plate Mail Armor
58:46 Ordonnance Companies
59:23 Paladin
64:21 Arson
Bipluses
9:56 Feudal Age
11:17 Double-Bit Axe
11:49 Horse Collar
12:05 Loom
18:15 Castle Age
18:28 Fletching
18:39 Padded Archer Armor
19:04 Crossbowman
21:07 Bow Saw
21:39 Wheelbarrow
21:47 Pikeman
22:42 Forging
22:34 Scale Mail Armor
29:44 Sanctity
29:36 Redemption
29:40 Town Watch
31:09 Hand Cart
33:53 Leather Archer Armor
33:34 Bodkin Arrow
38:30 Imperial Age
40:16 Iron Casting
39:57 Chain Mail Armor
40:53 Masonry
41:20 Halberdier
42:03 Squires
41:50 Arson
43:14 Heavy Plow
48:05 Town Patrol
49:43 Hussite Reforms
52:46 Chemistry
51:54 Caravan
54:52 Houfnice
56:55 Conscription
67:05 Ballistics
66:51 Siege Engineers
67:11 Bombard Tower
66:50 Murder Holes
67:27 Architecture
67:09 Fortified Wall
Erickinio
10:59 Feudal Age
11:05 Loom
12:25 Man-at-Arms
13:18 Arson
17:28 Forging
18:00 Scale Mail Armor
23:27 Wheelbarrow
22:40 Double-Bit Axe
24:04 Fletching
27:01 Castle Age
25:29 Stone Mining
25:29 Gold Mining
25:51 Gold Mining
28:02 Hand Cart
29:10 Gambesons
31:52 Pikeman
34:55 Iron Casting
34:36 Chain Mail Armor
36:34 Murder Holes
37:30 Gold Shaft Mining
38:09 Bow Saw
39:25 Chain Mail Armor
39:39 Town Watch
39:56 Bodkin Arrow
43:37 Imperial Age
41:35 Town Patrol
41:39 Padded Archer Armor
42:04 Fortified Wall
42:07 Long Swordsman
43:09 Leather Archer Armor
43:06 Masonry
43:58 Stone Shaft Mining
43:45 Stronghold
44:05 Caravan
44:42 Conscription
45:38 Blast Furnace
44:31 Halberdier
45:29 Heavy Scorpion
47:45 Two-Handed Swordsman
50:04 Furor Celtica
50:28 Plate Mail Armor
52:47 Ring Archer Armor
52:41 Ballistics
52:52 Onager
53:37 Champion
62:04 Horse Collar
62:33 Siege Engineers
62:22 Elite Skirmisher
[Vsh]-BilShit™
0:29 Loom
12:36 Feudal Age
16:57 Castle Age
15:23 Stone Mining
18:16 Wheelbarrow
25:20 Bloodlines
25:10 Double-Bit Axe
27:18 Fletching
27:39 Forging
29:41 Gold Mining
31:12 Scale Barding Armor
31:03 Horse Collar
31:30 Town Watch
32:31 Chain Barding Armor
32:16 Scale Mail Armor
32:53 Iron Casting
32:51 Bodkin Arrow
34:30 Town Patrol
34:56 Chain Mail Armor
38:08 Imperial Age
36:00 Bow Saw
39:27 Plate Barding Armor
38:18 Cavalier
39:03 Onager
43:24 Paladin
44:36 Ironclad
46:11 Siege Engineers
49:48 Elite Teutonic Knight
52:58 Capped Ram
58:33 Blast Furnace
64:40 Heavy Scorpion
68:40 Conscription
75:54 Chemistry
[Vsh]-Choco
11:06 Feudal Age
14:45 Loom
17:21 Castle Age
18:38 Double-Bit Axe
18:40 Horse Collar
20:04 Scale Barding Armor
23:23 Gold Mining
24:22 Chain Barding Armor
26:36 Bow Saw
27:24 Forging
28:38 Gold Shaft Mining
28:54 Caravan
31:50 Imperial Age
30:28 Iron Casting
30:56 Caravan
33:17 Wheelbarrow
33:26 Conscription
34:13 Frontier Guards
34:39 Heavy Camel Rider
37:19 Hand Cart
40:25 Light Cavalry
41:16 Bloodlines
41:08 Husbandry
42:35 Plate Barding Armor
46:34 Chemistry
45:56 Ballistics
45:58 Murder Holes
62:11 Coinage
61:24 Elite Skirmisher
66:07 Banking
68:18 Fortified Wall
68:20 Masonry
bichoTlapone
12:11 Feudal Age
10:27 Loom
12:54 Man-at-Arms
13:46 Arson
16:47 Bloodlines
17:56 Scale Mail Armor
20:22 Double-Bit Axe
25:15 Horse Collar
30:37 Castle Age
29:09 Forging
31:05 Wheelbarrow
31:52 Long Swordsman
31:56 Pikeman
33:40 Stone Mining
35:14 Bow Saw
36:56 Padded Archer Armor
37:03 Scale Barding Armor
37:14 Chain Mail Armor
36:50 Fletching
38:00 Ballistics
37:34 Heated Shot
38:52 Masonry
39:06 Husbandry
41:03 Heavy Plow
41:55 Circumnavigation
46:46 Imperial Age
44:41 Hand Cart
44:16 Treadmill Crane
47:04 Chain Barding Armor
47:20 Iron Casting
47:11 Town Watch
47:20 Halberdier
48:50 Stone Shaft Mining
48:06 Gold Mining
49:47 Chemistry
49:20 Architecture
50:55 Plate Mail Armor
50:51 Siphons
50:44 Murder Holes
50:54 Siege Engineers
54:02 Plate Barding Armor
54:03 Guard Tower
55:44 Arquebus
59:04 Blast Furnace
57:59 Bodkin Arrow
58:08 Bodkin Arrow
61:27 Two-Man Saw
61:20 Crop Rotation
63:38 Two-Handed Swordsman
64:04 Gambesons
65:40 Champion
66:25 Cavalier
69:19 Leather Archer Armor
69:04 Bracer
72:53 Ring Archer Armor
79:56 Thumb Ring
Connection lost

Rejoining the realm…

Still unreachable

The connection could not be restored.

Session expired

The server has moved on; the page needs a fresh start.